 Dungeon Crawl Stone Soup version 0.22-a0-280-g69bf1f3 (webtiles) character file.

1674 GizzardofKazz the Carver (level 8, -7/64 HPs)
             Began as a Minotaur Berserker on Mar 17, 2018.
             Was a Priest of Trog.
             Shot with an arrow by a centaur (9 damage)
             ... on level 6 of the Dungeon.
             The game lasted 00:12:46 (4925 turns).

GizzardofKazz the Carver (Minotaur Berserker)       Turns: 4925, Time: 00:12:46

Health: -7/64      AC:  3    Str: 24    XL:     8   Next: 70%
Magic:  7/7        EV: 12    Int:  4    God:    Trog [***...]
Gold:   394        SH:  0    Dex: 10    Spells: 7/7 levels left

rFire    . . .     SeeInvis .   a - +0 falchion
rCold    . . .     Gourm    .   (no shield)
rNeg     . . .     Faith    .   j - +0 leather armour
rPois    .         Spirit   .   (helmet restricted)
rElec    .         Reflect  .   (no cloak)
rCorr    +         Harm     .   (no gloves)
MR       .....                  (no boots)
Stlth    +.........             (no amulet)
HPRegen  0.20/turn              h - ring of resist corrosion
MPRegen  0.10/turn              (no ring)

@: no status effects
A: retaliatory headbutt, horns 2
a: Berserk, Trog's Hand, Renounce Religion


You were on level 6 of the Dungeon.
You worshipped Trog.
Trog was most pleased with you.
You were hungry.

You visited 1 branch of the dungeon, and saw 6 of its levels.

You collected 394 gold pieces.

Inventory:

Hand Weapons
 a - a +0 falchion (weapon)
Armour
 j - a +0 leather armour (worn)
Jewellery
 h - a ring of resist corrosion (left hand)
Scrolls
 d - 4 scrolls of teleportation {unknown}
 e - a scroll of fog {unknown}
 g - 2 scrolls of fear {unknown}
 i - 4 scrolls of remove curse {unknown}
 k - 5 scrolls of identify {unknown}
 o - 2 scrolls of amnesia {unknown}
 t - a scroll of blinking {unknown}
Potions
 b - 2 potions of heal wounds {unknown}
 f - 3 potions of curing {unknown}
 l - 5 potions of might {unknown}
 m - 3 potions of mutation {unknown}
 n - 2 potions of brilliance {unknown}
 p - a potion of agility {unknown}
 r - a potion of berserk rage {unknown}
 s - 2 potions of ambrosia {unknown}
 u - a potion of cancellation {unknown}
Comestibles
 c - 9 rations


   Skills:
 - Level 3.6 Fighting
 + Level 13.2 Long Blades
 - Level 2.4 Armour
 - Level 2.1 Dodging


You had 7 spell levels left.
You didn't know any spells.

Dungeon Overview and Level Annotations

Branches:
Dungeon (6/15)             Temple (0/1) D:4

Altars:
Makhleb
Nemelex Xobeh
Uskayaw

Shops:
D:4 }   D:6 }


Innate Abilities, Weirdness & Mutations

You reflexively headbutt those who attack you in melee.
You have a pair of horns on your head.


Message History

The orc throws a stone.
The stone misses you.
The orc hits you from afar with a trident.
The orc misses you.
You barely miss the orc. You headbutt the orc.
The orc is severely wounded.
You slash the orc!
You kill the orc!
Trog accepts your kill.
Things that are here:
a trident; a stone; an orc corpse The centaur shoots an arrow.
The arrow hits you!
* * * LOW HITPOINT WARNING * * *
You see here an arrow.
The centaur shoots an arrow.
The arrow hits you!
* * * LOW HITPOINT WARNING * * *
You see here 2 arrows.
The centaur shoots an arrow.
The arrow hits you.
* * * LOW HITPOINT WARNING * * *
The centaur shoots an arrow.
The arrow hits you!
You die...

#######...##..
........#'#+..
........'∩'...
........#+####
..........##..
##+###.......##..
##...##.......##..
########(....#........(..
#(((...)@((..#...........
#.#.####...(.((..........
#.≈≈≈≈≈≈≈≈≈≈≈≈≈....####..
#.≈≈≈≈≈≈≈≈≈≈≈≈≈###'######
#.≈≈≈≈≈≈≈≈≈≈≈≈≈..........
#.≈≈≈≈≈≈≈≈≈≈≈≈≈..........
#.≈≈≈≈≈≈≈≈≈≈≈≈≈..........
#.≈≈≈≈c...≈≈≈≈≈..........
≈≈≈...≈≈≈≈≈..........


You could see a centaur.

Vanquished Creatures
  The ghost of GizzardofKazz the Basher, a novice GrFi (D:5)
  Sigmund (D:2)
  The ghost of strifetoe the Cudgeler, an amateur KoBe of Trog (D:3)
  Duvessa (D:6)
  An orc warrior (D:6)
  A phantom (D:4)
  A centaur (D:5)
  A bullfrog (D:6)
  Dowan (D:6)
  A scorpion (D:5)
  3 howler monkeys
  3 crimson imps
  An orc priest (D:4)
  An orc wizard (D:6)
  A centaur skeleton (D:4)
  4 worker ants
  5 adders
  A howler monkey skeleton (D:6)
  A shadow imp (D:5)
  2 oozes
  An adder skeleton (D:4)
  3 dart slugs
  2 leopard geckos
  3 orcs
  3 bats (D:1)
  14 giant cockroaches
  10 goblins
  6 hobgoblins
  6 jackals
  6 quokkas
  A ball python (D:4)
  4 frilled lizards
  12 kobolds
  A quokka zombie (D:5)
  7 rats
111 creatures vanquished.

Notes
Turn   | Place    | Note
-------+----------+-------------------------------------------
     0 | D:1      | GizzardofKazz the Minotaur Berserker began the quest for the Orb.
     0 | D:1      | Reached XP level 1. HP: 19/19 MP: 0/0
    83 | D:1      | Reached skill level 4 in Long Blades
   350 | D:1      | Reached XP level 2. HP: 24/26 MP: 1/1
   573 | D:1      | Reached ** piety under Trog
   606 | D:1      | Reached skill level 5 in Long Blades
   645 | D:1      | Reached XP level 3. HP: 29/31 MP: 2/2
  1329 | D:2      | Noticed Sigmund
  1334 | D:2      | Killed Sigmund
  1334 | D:2      | Reached skill level 7 in Long Blades
  1334 | D:2      | Reached XP level 4. HP: 39/39 MP: 3/3
  1334 | D:2      | Reached XP level 5. HP: 45/45 MP: 4/4
  1749 | D:3      | Found a hide-covered altar of Uskayaw.
  1833 | D:3      | Noticed strifetoe's ghost (amateur KoBe)
  1846 | D:3      | Killed strifetoe's ghost
  1846 | D:3      | Reached skill level 8 in Long Blades
  1846 | D:3      | Reached XP level 6. HP: 51/51 MP: 5/5
  2213 | D:3      | Noticed a hand axe
  2217 | D:3      | Noticed a hand axe
  2412 | D:4      | Found Miamiodil's Gadget Emporium.
  2435 | D:4      | Found a staircase to the Ecumenical Temple.
  2449 | D:4      | Reached skill level 9 in Long Blades
  2614 | D:4      | Reached *** piety under Trog
  2635 | D:4      | Reached XP level 7. HP: 31/57 MP: 6/6
  3103 | D:4      | Reached skill level 10 in Long Blades
  3125 | D:4      | Found a burning altar of Makhleb.
  3236 | D:5      | Entered Level 5 of the Dungeon
  3368 | D:5      | Noticed GizzardofKazz's ghost (novice GrFi)
  3378 | D:5      | Killed GizzardofKazz's ghost
  3378 | D:5      | Reached skill level 11 in Long Blades
  3378 | D:5      | Reached XP level 8. HP: 59/64 MP: 7/7
  3606 | D:5      | Reached skill level 12 in Long Blades
  4369 | D:6      | Found Moiph's Gadget Shoppe.
  4390 | D:6      | Found a sparkling altar of Nemelex Xobeh.
  4445 | D:6      | Noticed Duvessa
  4445 | D:6      | Noticed Dowan
  4450 | D:6      | Killed Dowan
  4450 | D:6      | Reached skill level 13 in Long Blades
  4456 | D:6      | Killed Duvessa
  4925 | D:6      | HP: 2/64 [centaur/arrow (6)]
  4925 | D:6      | Shot with an arrow by a centaur

Vault maps used:
D:1:      minmay_arrival_arboretum_small, amethyst_killhole
D:2:      first_ration, minmay_tetromino_o2, uniq_sigmund
D:3:      minmay_roachtagon, dancing_weapons_uskayaw, minmay_liquid_box
D:4:      makhleb_grotto_becter, minmay_temple_entry_from_below_b, serial_shops,
          shop, minmay_misc_feat_iff
D:5:      serial_park_tiny_pond
D:6:      nicolae_whirlpool, serial_shops, kennysheep_mini, basic_altar,
          nicolae_zen_rock_garden, grunt_qazlal_clouds, uniq_duvessa

Skill      XL: |  1  2  3  4  5  6  7  8 |
---------------+-------------------------+-----
Long Blades    | 4 5 7 8 9 11 13 | 13.2
Fighting       | |  3.6
Armour         | |  2.4
Dodging        | |  2.1

Action                   |  1- 3 |  4- 6 |  7- 9 || total
-------------------------+-------+-------+-------++-------
Melee: Falchion          |    61 |    90 |   118 ||   269
       Headbutt          |    10 |    15 |    28 ||    53
Invok: Berserk           |     1 |     1 |     3 ||     5
  Eat: Chunk             |     1 |     6 |    10 ||    17
Armor: Animal skin       |     4 |       |       ||     4
       Leather armour    |     3 |    14 |    11 ||    28
Dodge: Dodged            |    43 |    54 |    58 ||   155
       Rpst.: Falchion   |     9 |    13 |    14 ||    36

Table legend:
 A = Spawn XP
 B = Non-spawn XP
 C = Spawn XP percentage of total XP
 D = Spawn monster count
 E = Non-spawn monster count
 F = Spawn count percentage of total count
 G = Total turns spent on level
                    A         B        C        D         E        F      G
               +---------+---------+-------+---------+---------+-------+---------
         Total |       0 |    2392 |   0.0 |       0 |     111 |   0.0 |  4925
               +---------+---------+-------+---------+---------+-------+---------
           D:1 |       0 |      46 |   0.0 |       0 |      28 |   0.0 |  1126
           D:2 |       0 |     228 |   0.0 |       0 |      11 |   0.0 |   560
           D:3 |       0 |     245 |   0.0 |       0 |      26 |   0.0 |   680
           D:4 |       0 |     398 |   0.0 |       0 |      15 |   0.0 |   887
           D:5 |       0 |     907 |   0.0 |       0 |      15 |   0.0 |   794
           D:6 |       0 |     568 |   0.0 |       0 |      16 |   0.0 |   878
               +---------+---------+-------+---------+---------+-------+---------
